 Dungeon Crawl Stone Soup version 0.24-a0-165-g1b465fe (webtiles) character file.

Game seed: 7573797323132306439

60454 Dfrag the Arsonist (level 14, -8/126 HPs)
             Began as a Naga Fire Elementalist on Mar 6, 2019.
             Was a High Priest of Vehumet.
             Mangled by a large slime creature (26 damage)
             ... on level 12 of the Dungeon.
             The game lasted 00:51:59 (25162 turns).

Dfrag the Arsonist (Naga Fire Elementalist)        Turns: 25162, Time: 00:51:59

Health: -8/126     AC:  8    Str:  9    XL:     14   Next: 99%
Magic:  4/30       EV: 20    Int: 23    God:    Vehumet [*****.]
Gold:   1693       SH:  0    Dex: 15    Spells: 13/38 levels left

rFire    . . .     SeeInvis +   F - +11 halberd "Xatas" {chop, rN+ Dex+3 Stlth+}
rCold    + . .     Gourm    .   (shield currently unavailable)
rNeg     + . .     Faith    .   t - +0 robe of the Imp {rC+ MR+ Str-2 Int+3}
rPois    +         Spirit   .   a - +0 helmet
rElec    .         Reflect  .   r - +0 cloak
rCorr    .         Harm     .   n - +0 pair of gloves
MR       ++...                  (no barding)
Stlth    ++++++....             (no amulet)
HPRegen  0.31/turn              g - +4 ring of evasion
MPRegen  0.22/turn              L - +6 ring of evasion

@: very slow
A: large, see invisible, deformed body, poison resistance, slowness 2, slow
metabolism 1, spit poison 1, constrict 1, AC +4
a: Spit Poison, Renounce Religion


You were on level 12 of the Dungeon.
You worshipped Vehumet.
Vehumet was extremely pleased with you.
You were hungry.

You visited 3 branches of the dungeon, and saw 19 of its levels.
You also visited: Ossuary and Bailey.

You collected 1693 gold pieces.

Inventory:

Hand Weapons
 F - the +11 halberd "Xatas" (weapon) {chop, rN+ Dex+3 Stlth+}
   (You took it off Erolcha on level 10 of the Dungeon)

   It inflicts extra damage upon your enemies.
   It affects your dexterity (+3).
   It protects you from negative energy.
   It makes you more stealthy.
Armour
 a - a +0 helmet (worn)
 n - a +0 pair of gloves (worn)
 p - a +1 robe of resistance
 r - a +0 cloak (worn)
 t - the +0 robe of the Imp (worn) {rC+ MR+ Str-2 Int+3}
   (You found it on level 4 of the Lair of Beasts)

   It affects your strength (-2).
   It affects your intelligence (+3).
   It protects you from cold.
   It affects your resistance to hostile enchantments.
 D - a +0 troll leather armour
 Q - a +2 robe of fire resistance
Jewellery
 g - a +4 ring of evasion (left hand)
 w - an uncursed ring of stealth
 L - a +6 ring of evasion (right hand)
Wands
 s - a wand of digging (2)
 x - a wand of acid (9)
 S - a wand of iceblast (10)
 T - a wand of paralysis (11)
Scrolls
 b - 2 scrolls of amnesia
 e - 10 scrolls of teleportation
 f - 8 scrolls of enchant armour
 h - 6 scrolls of remove curse
 k - 3 scrolls of fog
 l - 2 scrolls of silence {unknown}
 o - 3 scrolls of enchant weapon {unknown}
 q - 6 scrolls of noise
 y - 3 scrolls of blinking
 A - 2 scrolls of fear {unknown}
 B - 4 scrolls of immolation
 C - 5 scrolls of magic mapping
 I - a scroll of vulnerability {unknown}
 M - a scroll of acquirement {unknown}
 N - a scroll of brand weapon {unknown}
 P - a scroll of summoning
 U - 4 scrolls of identify
Potions
 d - 5 potions of flight
 i - a potion of cancellation {unknown}
 j - 7 potions of brilliance
 m - 5 potions of might
 u - a potion of ambrosia
 v - a potion of agility
 z - 7 potions of berserk rage
 E - a potion of heal wounds
 G - 2 potions of haste
 H - 3 potions of curing
 K - 2 potions of invisibility
 O - a potion of magic
 R - a potion of resistance
Comestibles
 c - 29 rations
 J - 9 chunks of flesh


   Skills:
 - Level 8.1 Fighting
 - Level 1.5 Dodging
 - Level 12.6 Stealth
 + Level 12.5 Spellcasting
 + Level 13.3 Conjurations
 - Level 13.4 Fire Magic
 + Level 2.2 Earth Magic


You had 13 spell levels left.
You knew the following spells:

 Your Spells              Type           Power        Failure   Level  Hunger
a - Flame Tongue          Conj/Fire      #####        0%          1    None
b - Conjure Flame         Conj/Fire      ######..     1%          3    None
c - Sticky Flame          Conj/Fire      ######..     1%          4    None
d - Fireball              Conj/Fire      ######....   1%          5    ###....
e - Bolt of Magma         Conj/Fire/Erth ######....   1%          5    ###....
f - Orb of Destruction    Conj           ######....   4%          7    ######.

Your spell library contained the following spells:

 Spells                   Type           Power        Failure   Level  Hunger
 Bolt of Cold             Conj/Ice       #####.....   12%         6    #####..
 Throw Flame              Conj/Fire      ######       1%          2    None
 Inner Flame              Hex/Fire       #####...     1%          3    None
 Iskenderun's Battlesphe  Conj/Chrm      #####...     2%          5    ###....
 Venom Bolt               Conj/Pois      #####.....   2%          5    ###....
 Apportation              Tloc           ##....       4%          1    None
 Infusion                 Chrm           ##..         4%          1    None
 Summon Butterflies       Summ           ##......     4%          1    None
 Shroud of Golubria       Chrm/Tloc      ##........   7%          2    None
 Song of Slaying          Chrm           ##......     7%          2    None
 Iron Shot                Conj/Erth      ######....   7%          6    #####..
 Lesser Beckoning         Tloc           ##........   13%         3    None
 Regeneration             Chrm/Necr      ##........   13%         3    None
 Spectral Weapon          Hex/Chrm       ##......     13%         3    None
 Tukima's Dance           Hex            ##......     13%         3    None
 Spellforged Servitor     Conj/Summ      #####.....   50%         7    ######.
 Alistair's Intoxication  Tmut/Pois      ##......     77%         5    ###....
 Invisibility             Hex            ##......     100%        6    #####..


Dungeon Overview and Level Annotations

Branches:
Dungeon (12/15)            Temple (1/1) D:6            Lair (6/6) D:9
  Swamp (0/4) Lair:4        Snake (0/4) Lair:4        Slime (0/5) Lair:5
    Orc (0/2) D:10

Altars:
Ashenzari
Cheibriados
Dithmenos
Elyvilon
Fedhas
Gozag
Hepliaklqana
Makhleb
Nemelex Xobeh
Okawaru
Qazlal
Ru
Sif Muna
Uskayaw
Vehumet
Wu Jian
Xom
Yredelemnul
Zin
The Shining One
Jiyva

Shops:
D:10 (

Portals:
Hell: Lair:6

Annotations:
D:8 2 transporters
D:9 3 runed translucent doors, exclusion: obsidian statue, pmoppi's ghost, novice VSAs


Innate Abilities, Weirdness & Mutations

You cannot wear boots.
Your serpentine skin is tough. (AC +4)
You have supernaturally acute eyesight. (SInv)
Armour fits poorly on your strangely shaped body.
Your system is resistant to poisons. (rPois)
You cover ground very slowly.
You have a slow metabolism.
You can spit poison.
You can use your snake-like lower body to constrict enemies.


Message History

The howler monkey hoots and howls with incredible vigour!
The very large slime creature hits you but does no damage.
You slash the very large slime creature!
The very large slime creature is severely wounded.
The very large slime creature burns!
The very large slime creature hits you!!! x2
* * * LOW HITPOINT WARNING * * *
The very large slime creature burns! x2
Okay, then.
The very large slime creature burns!
The very large slime creature burns!
A very large slime creature splits.
The slime creature burns! x2; The large slime creature burns! x2
The slime creature closely misses you.
The slime creature burns!
You kill the slime creature!
Vehumet accepts your kill.
Vehumet offers you knowledge of Bolt of Cold.
You feel your power returning.
The large slime creature burns!
The large slime creature hits you!!
You die...

#.............# ##.............#
#...........<..#
#..............##
#...............##
##...........##..##
####.............#######
###...................
############..hJ@...######.......
............######### ##......
..........### #...... .......####
#.>.... ........# #......
.....#..# #...... ........#
#...... ......#..# #......
......#..# #....##


You could see a large slime creature (burning) and a howler monkey.

Vanquished Creatures
  Erolcha (D:10)
  5 hydras
  A catoblepas (Lair:4)
  A two-headed ogre (D:10)
  A queen ant (D:8)
  A death knight (D:11)
  Urug (Lair:1)
  A skeletal warrior (D:11)
  Nergalle (D:10)
  A sixfirhy (Lair:6)
  2 unseen horrors (D:11)
  A wizard (Lair:6)
  A phantasmal warrior (D:11)
  A lindwurm (Lair:6)
  5 orc knights (Bailey)
  2 oklob plants (Lair:4)
  3 manticores
  A cyclops (D:11)
  2 ugly things (D:10)
  14 elephants
  4 black mambas
  Psyche (D:10)
  A gargoyle (D:10)
  A smoke demon (Lair:6)
  14 spiny frogs
  An orange demon (Lair:6)
  Joseph (Lair:1)
  A torpor snail (Lair:6)
  A centaur skeleton (D:11)
  4 rime drakes (Lair:6)
  8 komodo dragons
  3 ice devils (Lair:6)
  A troll (D:10)
  2 red devils (Lair:6)
  A polar bear (D:9)
  10 blink frogs
  2 bog bodies (Lair:4)
  11 hippogriffs
  4 slime creatures (D:12)
  7 wyverns
  Sigmund (D:2)
  A shadow (D:11)
  33 yaks
  2 basilisks (Lair:4)
  A wraith (D:11)
  2 hungry ghosts
  2 steam dragons
  An acid dragon (D:9)
  13 water moccasins
  2 nagas (Lair:4)
  21 soldier ants
  3 hell hounds (Lair:6)
  12 orc warriors
  A swamp drake (Lair:6)
  2 ice beasts
  9 porcupines
  2 phantoms
  3 sky beasts
  A necrophage (D:7)
  6 wolves
  9 ogres
  A centaur (D:8)
  14 crocodiles
  3 big kobolds (D:10)
  11 bullfrogs
  2 gnoll sergeants (D:10)
  2 water moccasin zombies
  2 scorpions
  A wyvern skeleton (D:10)
  28 killer bees
  5 wights (D:8)
  4 howler monkeys
  5 electric eels (D:8)
  4 crimson imps
  A bullfrog zombie (D:7)
  A centaur zombie (D:6)
  4 jellies
  2 hounds
  9 orc priests
  2 quasits
  Crazy Yiuf (D:2)
  13 orc wizards
  2 bullfrog skeletons (D:7)
  An iron imp (D:5)
  5 iguanas
  Natasha (thrice) (D:3)
  27 worker ants
  Terence (D:2)
  9 hell rats (Lair:1)
  A killer bee zombie (D:9)
  3 big kobold zombies (Ossuary)
  A hound skeleton (D:7)
  A hound zombie (D:9)
  2 mummies (Ossuary)
  2 worker ant zombies
  4 gnolls (D:10)
  12 river rats (Lair:1)
  4 adders
  4 shadow imps
  An adder skeleton (D:4)
  5 adder zombies
  6 worms
  5 leopard geckos
  86 orcs
  A ball python (D:4)
  6 bats
  4 giant cockroaches
  6 goblins
  5 hobgoblins
  7 jackals
  10 quokkas
  A ball python skeleton (D:4)
  2 frilled lizards (D:1)
  A giant cockroach zombie (D:4)
  4 gnoll zombies (Ossuary)
  3 hobgoblin zombies (Ossuary)
  A jackal skeleton (D:6)
  7 kobolds
  5 kobold zombies (Ossuary)
  5 orc zombies (Ossuary)
  21 rats
  3 fungi
  4 plants
647 creatures vanquished.

Vanquished Creatures (others)
  9 fungi
  9 plants
18 creatures vanquished.

Grand Total: 665 creatures vanquished

Notes
Turn   | Place    | Note
-------+----------+-------------------------------------------
     0 | D:1      | Dfrag the Naga Fire Elementalist began the quest for the
                  | Orb.
     0 | D:1      | Reached XP level 1. HP: 15/15 MP: 3/3
   261 | D:1      | Reached XP level 2. HP: 22/22 MP: 1/5
   595 | D:2      | Reached XP level 3. HP: 28/28 MP: 4/6
   604 | D:2      | Noticed Terence
   612 | D:2      | Killed Terence
   682 | D:2      | Found a glowing silver altar of Zin.
  1168 | D:2      | Noticed Sigmund
  1180 | D:2      | Killed Sigmund
  1180 | D:2      | Reached XP level 4. HP: 19/36 MP: 3/9
  1180 | D:2      | Reached XP level 5. HP: 22/42 MP: 3/10
  1560 | D:2      | Found a runed translucent door.
  1561 | D:2      | Noticed Crazy Yiuf
  1568 | D:2      | Learned a level 3 spell: Conjure Flame
  1573 | D:2      | Learned a level 4 spell: Sticky Flame
  1576 | D:2      | Killed Crazy Yiuf
  1576 | D:2      | Reached XP level 6. HP: 38/49 MP: 6/11
  1920 | D:3      | Noticed Natasha
  1925 | D:3      | Killed Natasha
  2025 | D:3      | Noticed Natasha
  2034 | D:3      | Killed Natasha
  2042 | D:3      | Noticed Natasha
  2045 | D:3      | Killed Natasha
  2236 | D:4      | Reached skill level 5 in Fire Magic
  2236 | D:4      | Reached XP level 7. HP: 51/55 MP: 6/13
  3359 | D:4      | Found a sparkling altar of Nemelex Xobeh.
  3461 | D:5      | Entered Level 5 of the Dungeon
  3708 | D:5      | Reached skill level 5 in Conjurations
  3770 | D:5      | Found a stormy altar of Qazlal.
  3770 | D:5      | Found a glowing golden altar of the Shining One.
  3775 | D:5      | Found a faded altar of an unknown god.
  3777 | D:5      | Found a faded altar of an unknown god.
  3779 | D:5      | Found a shimmering altar of Xom.
  3999 | D:5      | Reached skill level 5 in Spellcasting
  3999 | D:5      | Reached XP level 8. HP: 62/62 MP: 7/15
  4550 | D:6      | Found a staircase to the Ecumenical Temple.
  4566 | Temple   | Entered the Ecumenical Temple
  4606 | Temple   | Became a worshipper of Vehumet
  4670 | D:6      | Reached XP level 9. HP: 60/68 MP: 4/18
  4705 | D:6      | Found a sand-covered staircase.
  4765 | Ossuary  | Entered an ossuary
  4922 | Ossuary  | Reached * piety under Vehumet
  4922 | Ossuary  | Offered knowledge of Sting by Vehumet.
  5510 | D:6      | Found a shadowy altar of Dithmenos.
  5678 | D:7      | Offered knowledge of Throw Frost by Vehumet.
  5698 | D:7      | Reached ** piety under Vehumet
  5727 | D:7      | Learned a level 5 spell: Fireball
  5894 | D:7      | Found a white marble altar of Elyvilon.
  5894 | D:7      | Found an iron altar of Okawaru.
  5894 | D:7      | Found a basalt altar of Yredelemnul.
  5981 | D:7      | Found an opulent altar of Gozag.
  6062 | D:7      | Found a burning altar of Makhleb.
  6520 | D:7      | Reached XP level 10. HP: 63/75 MP: 5/21
  6959 | D:8      | Found a transporter.
  6962 | D:8      | Noticed a two-headed ogre
  6965 | D:8      | Found a transporter.
  6994 | D:8      | Found an ornate altar of the Wu Jian Council.
  7040 | D:8      | Offered knowledge of Stone Arrow by Vehumet.
  7262 | D:8      | Reached *** piety under Vehumet
  7982 | D:8      | Noticed a queen ant
  8013 | D:8      | Killed a queen ant
  8041 | D:8      | HP: 2/75 [poisoned by a soldier ant]
  8056 | D:8      | Reached skill level 10 in Fire Magic
  8056 | D:8      | Reached XP level 11. HP: 47/81 MP: 11/23
  8058 | D:8      | Offered knowledge of Olgreb's Toxic Radiance by Vehumet.
  8755 | D:8      | Reached **** piety under Vehumet
  8913 | D:8      | Found a hide-covered altar of Uskayaw.
  9026 | D:8      | Offered knowledge of Bolt of Magma by Vehumet.
  9037 | D:8      | Learned a level 5 spell: Bolt of Magma
  9595 | D:9      | Reached skill level 10 in Conjurations
 10448 | D:9      | Found a staircase to the Lair.
 10830 | D:9      | Found a runed translucent gate.
 10830 | D:9      | Found a runed translucent gate.
 10830 | D:9      | Found a runed translucent gate.
 10831 | D:9      | Found an opulent altar of Gozag.
 10831 | D:9      | Noticed an obsidian statue
 10832 | D:9      | Noticed pmoppi's ghost (novice VSAs)
 10933 | D:10     | Entered Level 10 of the Dungeon
 11141 | D:10     | Noticed Erolcha
 11216 | D:10     | Identified the +11 halberd "Xatas" {chop, rN+ Dex+3 Stlth+}
 11221 | D:10     | Killed Erolcha
 11221 | D:10     | Reached ***** piety under Vehumet
 11221 | D:10     | Reached skill level 10 in Spellcasting
 11349 | D:10     | HP: 4/81 [orc warrior/+0 halberd (25)]
 11357 | D:11     | Noticed Nergalle
 11384 | D:10     | Found a flagged portal.
 11424 | Bailey   | Entered a bailey
 11742 | Bailey   | Offered knowledge of Bolt of Draining by Vehumet.
 11812 | Bailey   | Noticed an orc knight
 11812 | Bailey   | Noticed an orc knight
 11816 | Bailey   | Killed an orc knight
 11816 | Bailey   | Reached XP level 12. HP: 88/88 MP: 13/26
 12396 | D:10     | Noticed Psyche
 12396 | D:10     | Noticed a two-headed ogre
 12399 | D:10     | Killed Psyche
 12401 | D:10     | Killed a two-headed ogre
 12406 | D:10     | Found Wupel's Weapon Boutique.
 12539 | D:10     | Found a staircase to the Orcish Mines.
 12572 | D:10     | HP: 1/88 [water moccasin (8)]
 14094 | D:10     | Killed Nergalle
 14427 | D:11     | Noticed a death knight
 14446 | D:11     | Killed a death knight
 15319 | Lair:1   | Entered Level 1 of the Lair of Beasts
 15320 | Lair:1   | Upgraded the game from 0.24-a0-161-g3f7990a to
                  | 0.24-a0-165-g1b465fe
 15324 | Lair:1   | Gained mutation: You can use your snake-like lower body to
                  | constrict enemies. [Naga growth]
 15324 | Lair:1   | Reached XP level 13. HP: 94/94 MP: 20/28
 15802 | Lair:1   | Noticed Joseph
 15807 | Lair:1   | Killed Joseph
 15821 | Lair:1   | Noticed Urug
 15849 | Lair:1   | Killed Urug
 16559 | Lair:2   | Got a distressingly furry leather armour
 16877 | Lair:2   | Identified the cursed +1 leather armour of Prudence {+Inv
                  | rPois Int+2} (You found it on level 2 of the Lair of
                  | Beasts)
 18365 | Lair:3   | You fall through a shaft for 2 floors!
 18428 | Lair:4   | Found a staircase to the Swamp.
 18572 | Lair:4   | Found a staircase to the Snake Pit.
 18848 | Lair:4   | Reached skill level 1 in Fighting
 19118 | Lair:4   | Reached skill level 5 in Stealth
 19856 | Lair:4   | Reached XP level 14. HP: 61/111 MP: 17/30
 19864 | Lair:4   | Got a bloodstained robe
 19879 | Lair:4   | Identified the +0 robe of the Imp {rC+ MR+ Str-2 Int+3}
                  | (You found it on level 4 of the Lair of Beasts)
 20202 | Lair:5   | Offered knowledge of Throw Icicle by Vehumet.
 20260 | Lair:5   | Reached skill level 5 in Fighting
 21093 | Lair:5   | Found a staircase to the Slime Pits.
 21094 | Lair:5   | Found a viscous altar of Jiyva.
 21238 | Lair:5   | Reached skill level 10 in Stealth
 21644 | Lair:6   | Entered Level 6 of the Lair of Beasts
 22819 | Lair:6   | Learned a level 7 spell: Orb of Destruction
 23095 | Lair:6   | HP: 9/186 [poisoned by an orange demon]
 23099 | Lair:6   | HP: 3/124 [poisoned by an orange demon]
 23818 | Lair:6   | Found a burning altar of Makhleb.
 23824 | Lair:6   | Found a gateway to Hell.
 24457 | D:11     | Reached skill level 1 in Earth Magic
 25162 | D:12     | Offered knowledge of Bolt of Cold by Vehumet.
 25162 | D:12     | Mangled by a large slime creature

Levels and vault maps discovered:
D:1:      scummos_arrival_gate, layout_rooms
D:2:      layout_basic, nicolae_overflow_crystal_walls, first_ration,
          uniq_crazy_yiuf_cottage, uniq_sigmund, uniq_terence
D:3:      layout_rooms, uniq_natasha
D:4:      minmay_bubble_buster, layout_basic, overflow_temple_1_default
D:5:      layout_loops_corners, chequers_temple_overflow_minitemple,
          minmay_misc_feat_pillars
D:6:      layout_rooms, marbit_many_paths, minmay_temple_entry_ruins,
          chequers_ossuary_entry_cave
D:7:      layout_rooms, makhleb_blood_cavern_becter,
          gammafunk_temple_overflow_claw, nicolae_gozag_seed_capital,
          serial_rivers, chequers_serial_rivers_micro_d,
          chequers_serial_rivers_room_b, chequers_serial_rivers_large_a,
          chequers_serial_rivers_room_b, chequers_serial_rivers_micro_e,
          grunt_ogre_cave
D:8:      layout_basic, gammafunk_temple_overflow_arena,
          eat_drink_and_be_merry_uskayaw, serial_bayou, serial_bayou_shore_a,
          serial_bayou_pond_d, serial_bayou_crossing, serial_bayou_lagoon_a,
          nrook_mini_backslash, minivault_29
D:9:      layout_cave_pools, erik_lair_dragon, ebering_ghost_gozag,
          lightli_orcish_oven
D:10:     layout_irregular_city, kennysheep_orc_monster_closet_entryway,
          enter_bailey_2, serial_shops,
          nicolae_shop_temple_entry_statues_fountains,
          nicolae_straight_to_the_point, uniq_erolcha, uniq_psyche
D:11:     layout_loops_ring, kennysheep_windowed_goal, uniq_nergalle
D:12:     layout_cave_pods, gammafunk_ghost_berserking_beasts
Temple:   jpeg_temple_island
Lair:1:   lemuel_ratsnest, layout_chaotic_city, uniq_urug, uniq_joseph
Lair:2:   layout_hall_layers, minivault_23
Lair:3:   layout_loops_ring
Lair:4:   layout_long_grid, skrybe_swamp_entry_bodies,
          guppyfry_snake_entry_garden, grunt_megastairs_2,
          minmay_lair_oklob_chamber, infiniplex_staircase_pool
Lair:5:   layout_regular_city, slime_altar_1
Lair:6:   evil_forest, layout_gridlike, st_stairs_8, hibernation_bobbens
Ossuary:  ossuary_tomb_2
Bailey:   bailey_polearm_5, bailey

Skill      XL: |  1  2  3  4  5  6  7  8  9 10 11 12 13 14 |
---------------+-------------------------------------------+-----
Conjurations   | 3 4 5 6 8 9 10 12 13 | 13.3
Spellcasting   | 3 4 5 6 7 8 10 11 12 | 12.5
Fire Magic     | 4 5 7 8 10 11 12 13 | 13.4
Fighting       | 3 8 |  8.1
Stealth        | 6 12 | 12.6
Earth Magic    | 2 |  2.2
Dodging        | |  1.5

Action                   |  1- 3 |  4- 6 |  7- 9 | 10-12 | 13-15 || total
-------------------------+-------+-------+-------+-------+-------++-------
Melee: Unarmed           |    12 |    10 |       |       |       ||    22
       Hand axe          |       |     8 |   190 |   122 |       ||   320
       Halberd           |       |       |       |    58 |   234 ||   292
       Constrict         |       |       |       |       |    54 ||    54
 Cast: Flame Tongue      |    36 |    51 |   140 |   135 |   108 ||   470
       Sticky Flame      |       |     3 |    53 |   111 |   110 ||   277
       Conjure Flame     |       |       |     2 |     1 |       ||     3
       Fireball          |       |       |     1 |   123 |   137 ||   261
       Bolt of Magma     |       |       |       |     3 |       ||     3
       Orb of Destructio |       |       |       |       |    14 ||    14
 Abil: Spit Poison       |    22 |    19 |    31 |    33 |    21 ||   126
Evoke: Wand              |       |       |    11 |    11 |    12 ||    34
  Use: Scroll            |       |       |     8 |    11 |     5 ||    24
       Potion            |       |       |       |    17 |     2 ||    19
 Stab: Confused          |       |       |     3 |       |       ||     3
       Distracted        |       |       |       |     1 |     1 ||     2
       Sleeping          |       |       |       |       |     6 ||     6
  Eat: Chunk             |     2 |     4 |    14 |    42 |    44 ||   106
       Ration            |       |       |     2 |     4 |     2 ||     8
Armor: Robe              |     6 |     8 |    98 |    67 |    67 ||   246
       Skin              |       |       |    20 |    36 |       ||    56
       Leather armour    |       |       |       |       |    15 ||    15
Dodge: Dodged            |    36 |    33 |   248 |   409 |   441 ||  1167

Table legend:
 A = Non-vault XP
 B = Vault XP
 C = Vault XP percentage of total XP
 D = Non-vault monster count
 E = Vault monster count
 F = Vault count percentage of total count
                 A         B        C        D         E       F
            +---------+---------+-------+---------+---------+-------
      Total |   58445 |   27919 |  32.3 |     409 |     231 |  36.1
            +---------+---------+-------+---------+---------+-------
        D:1 |      29 |       0 |   0.0 |      19 |       0 |   0.0
        D:2 |      19 |     280 |  93.6 |      10 |       3 |  23.1
        D:3 |     187 |      35 |  15.8 |      24 |       1 |   4.0
        D:4 |     509 |      45 |   8.1 |      27 |       4 |  12.9
        D:5 |     373 |       0 |   0.0 |      10 |       0 |   0.0
        D:6 |    1427 |       0 |   0.0 |      32 |       0 |   0.0
        D:7 |    1430 |     260 |  15.4 |      28 |       3 |   9.7
        D:8 |    1602 |    4577 |  74.1 |      33 |      39 |  54.2
        D:9 |    2335 |    1467 |  38.6 |      24 |      12 |  33.3
       D:10 |    4109 |    3465 |  45.7 |      28 |      23 |  45.1
       D:11 |    8937 |     129 |   1.4 |      37 |       1 |   2.6
       D:12 |    2139 |       0 |   0.0 |      10 |       0 |   0.0
     Lair:1 |    2496 |    1751 |  41.2 |      14 |      45 |  76.3
     Lair:2 |    2518 |       0 |   0.0 |      13 |       0 |   0.0
     Lair:3 |    5944 |       0 |   0.0 |      23 |       0 |   0.0
     Lair:4 |    8427 |    1955 |  18.8 |      26 |       6 |  18.8
     Lair:5 |   10378 |     105 |   1.0 |      31 |       1 |   3.1
     Lair:6 |    5586 |    9698 |  63.5 |      20 |      27 |  57.4
    Ossuary |       0 |     152 | 100.0 |       0 |      26 | 100.0
     Bailey |       0 |    4000 | 100.0 |       0 |      40 | 100.0
            +---------+---------+-------+---------+---------+-------
